Map: Catalyst LE

Players

CaptainAlex - Winner!

  • Race: Zerg Zerg
  • League: Diamond
  • Spawn Location: 11:00

Dessa

  • Race: Zerg Zerg
  • League: Diamond
  • Spawn Location: 5:00

VOD

Have the link to the VOD?

Description

Time

  • Played on: Dec. 19, 2017, 3:54 p.m.
  • Length: 8:46
Show
View Real Time Build Order
Export as new Build Order

CaptainAlex Zerg - Winner!

Build Orders: Hatch First, Zergling Baneling 

Get SALT Encoding   

  12  0:00  Drone  
  13  0:13  Overlord  
  13  0:17  Drone  
  14  0:31  Drone x2  
  14  0:35  Drone  
  17  0:54  Hatchery  
  16  0:57  Drone  
  16  1:01  Drone  
  16  1:04  Extractor  
  17  1:18  Spawning Pool  
  17  1:20  Drone  
  17  1:30  Drone x2  
  19  1:40  Overlord  
  19  1:52  Drone  
  20  2:05  Queen x2  
  20  2:08  Metabolic Boost  
  24  2:12  Zergling x2  
  24  2:14  Zergling x2  
  26  2:23  Spine Crawler  
  26  2:25  Zergling x2  
  26  2:27  Zergling x2  
  27  2:36  Baneling Nest  
  26  2:41  Zergling x4  
  28  2:50  Drone x3  
  31  3:01  Queen  
  33  3:06  Overlord  
  33  3:15  Overlord  
  33  3:20  Baneling x4  
  32  3:28  Zergling x6  
  32  3:36  Baneling  
  31  3:42  Drone x4  
  31  3:46  Drone  
  36  3:54  Drone x2  
  34  4:03  Drone x2  
  34  4:08  Baneling x2  
  34  4:09  Zergling x6  
  39  4:14  Zergling x4  
  41  4:17  Spine Crawler  
  40  4:25  Zergling x4  
  42  4:38  Drone x3, Queen  
  46  4:48  Baneling x3  
  46  4:51  Drone x3  
  49  5:02  Drone  
  49  5:03  Drone  
  49  5:14  Drone x2, Extractor  
  51  5:15  Extractor  
  51  5:16  Evolution Chamber  
  51  5:17  Roach Warren  
  51  5:20  Drone x3  
  50  5:22  Hatchery  
  50  5:25  Lair  
  49  5:30  Drone x2  
  49  5:35  Overlord  
  51  5:37  Overlord  
  48  5:43  Zergling x4  
  50  5:51  Zerg Missile Weapons Level 1  
  50  5:56  Drone x6  
  56  6:05  Baneling x4  
  56  6:08  Drone x3  
  56  6:09  Drone  
  56  6:10  Extractor  
  57  6:21  Overlord x2  
  57  6:24  Glial Reconstitution  
  59  6:25  Roach  
  59  6:26  Roach  
  59  6:32  Roach x3  
  67  6:37  Roach x2  
  71  6:41  Roach  
  71  6:45  Roach x2  
  77  6:48  Roach x2  
  77  6:53  Roach x2  
  85  6:56  Overlord  
  85  7:02  Roach x2  
  85  7:05  Overlord  
  89  7:08  Overseer  
  89  7:12  Overlord x2  
  89  7:19  Roach x3  
  89  7:21  Roach  
  97  7:24  Overlord  
  97  7:28  Roach x2  
  101  7:31  Roach  
  103  7:38  Roach x3  
  108  7:46  Roach  
  108  7:47  Roach  
  112  7:54  Roach x3  
  118  8:03  Roach x4  
  123  8:08  Overlord  
  121  8:18  Roach x4  
  121  8:19  Roach  
  127  8:24  Roach  
Show
View Real Time Build Order
Export as new Build Order

Dessa Zerg 

Build Orders: Pool First, Zergling Baneling 

Get SALT Encoding   

  12  0:01  Drone  
  13  0:13  Overlord  
  13  0:19  Drone  
  14  0:31  Drone x2  
  14  0:35  Drone  
  17  0:38  Extractor  
  16  0:45  Drone  
  17  0:53  Spawning Pool  
  17  0:56  Drone  
  17  1:19  Hatchery  
  17  1:22  Drone  
  17  1:30  Drone  
  18  1:40  Queen  
  18  1:45  Metabolic Boost  
  20  1:49  Zergling x2  
  21  1:55  Overlord  
  21  2:03  Zergling x2  
  21  2:08  Baneling Nest  
  21  2:10  Zergling x2  
  22  2:23  Zergling x2  
  22  2:24  Zergling x2  
  24  2:32  Queen  
  24  2:36  Zergling x2  
  27  2:39  Zergling x2  
  28  2:48  Zergling x4  
  30  2:51  Zergling x2  
  30  2:55  Overlord  
  31  2:59  Baneling x2  
  31  3:01  Baneling  
  31  3:08  Zergling x2  
  31  3:09  Zergling x2  
  33  3:14  Zergling x2  
  27  3:38  Baneling x2  
  27  3:39  Zergling x2  
  27  3:40  Zergling x10  
  28  4:10  Drone x4  
  28  4:12  Baneling x4  
  31  4:18  Drone, Roach Warren  
  31  4:20  Drone  
  31  4:41  Drone  
  31  4:42  Drone x5  
  31  4:43  Drone  
  38  4:51  Overlord  
  37  4:56  Drone x2  
  37  4:59  Extractor  
  37  5:08  Zergling x2  
  37  5:09  Zergling x4  
  40  5:16  Baneling x2  
  40  5:17  Roach x2  
  44  5:21  Overlord  
  43  5:38  Drone  
  43  5:39  Drone  
  44  5:43  Lair  
  44  5:54  Drone x4  
  44  5:55  Drone  
  49  5:58  Overlord  
  49  6:00  Overlord  
  49  6:06  Evolution Chamber  
  49  6:07  Evolution Chamber  
  49  6:08  Drone, Hatchery  
  49  6:09  Drone, Extractor  
  40  6:30  Roach x4  
  40  6:31  Roach x2  
  52  6:34  Drone  
  52  6:37  Drone  
  52  6:38  Drone  
  55  6:42  Drone  
  56  6:54  Drone x2  
  57  7:03  Glial Reconstitution  
  57  7:08  Drone  
  57  7:09  Drone x3  
  57  7:11  Overlord  
  57  7:14  Drone x3  
  64  7:20  Drone  
  64  7:21  Queen  
  67  7:23  Drone  
  67  7:28  Drone  
  69  7:36  Roach x3  
  75  7:41  Roach x3  
  81  7:47  Overlord  
  78  8:03  Roach  
  78  8:04  Roach x4  
  60  8:13  Roach x2  
Tags
 
Add a new tag
Caveats
  • Supply blocks, unpowered buildings, or Contaminate may cause inaccurate times.
  • Supply counts are checked every 10 seconds.